 Dungeon Crawl Stone Soup version 0.20.1-1-g8b1a95d (webtiles) character file.

33464 Romulous the Severer (level 13, -16/117 HPs)
             Began as a Minotaur Fighter on Oct 29, 2017.
             Was the Champion of Okawaru.
             Engulfed by a cloud of flame (44 damage)
             ... in a volcano on Oct 30, 2017.
             The game lasted 01:39:43 (15894 turns).

Romulous the Severer (Minotaur Fighter)            Turns: 15894, Time: 01:39:44

Health: -16/117    AC: 27    Str: 26    XL:     13   Next: 36%
Magic:  12/12      EV: 13    Int: 10    God:    Okawaru [******]
Gold:   936        SH: 16    Dex: 11    Spells: 12/12 levels left

rFire    . . .     SeeInvis .   Q - +2 broad axe (elec)
rCold    . . .     Gourm    +   c - +3 shield
rNeg     . . .     Faith    .   w - +8 chain mail of Grot {Int+5 Dex-2 Slay+3}
rPois    .         Spirit   .   (helmet restricted)
rElec    .         Reflect  .   H - +0 cloak of the Gusle {MR+ Stlth+}
rCorr    .         Harm     .   Y - +0 pair of gloves {Dex+3}
MR       +....                  E - +0 pair of boots
Stlth    ..........             R - amulet of the gourmand
Regen    0.3/turn               i - +3 ring of protection
MPRegen  0.2/turn               X - +3 ring of evasion

@: very slow
A: retaliatory headbutt, horns 2
a: Heroism, Finesse, Renounce Religion


You were in a volcano.
You worshipped Okawaru.
Okawaru was exalted by your worship.
You were completely stuffed.

You visited 3 branches of the dungeon, and saw 15 of its levels.
You visited the Abyss 1 time.
You also visited: Volcano.

You collected 936 gold pieces.

Inventory:

Hand Weapons
 I - a +2 quick blade
 Q - a +2 broad axe of electrocution (weapon)
Armour
 c - a +3 shield (worn)
 j - a scarf of cloud immunity
 w - the +8 chain mail of Grot (worn) {Int+5 Dex-2 Slay+3}
   (You found it on level 5 of the Dungeon)

   It affects your intelligence (+5).
   It affects your dexterity (-2).
   It affects your accuracy and damage with ranged weapons and melee attacks
   (+3).
 E - a +0 pair of boots (worn)
 H - the +0 cloak of the Gusle (worn) {MR+ Stlth+}
   (You found it on level 6 of the Dungeon)

   It affects your resistance to hostile enchantments.
   It makes you more stealthy.
 V - a +2 plate armour of magic resistance
 Y - a +0 pair of gloves of dexterity (worn)
Jewellery
 i - a +3 ring of protection (left hand)
 J - an uncursed ring of magical power
 L - a +2 ring of intelligence
 R - an amulet of the gourmand (around neck)
 X - a +3 ring of evasion (right hand)
Wands
 a - a wand of confusion (11/48)
 r - a wand of iceblast (4/15)
 D - a wand of flame (18/48)
 F - a wand of paralysis (10/24)
 O - a wand of acid (10/15)
 P - a wand of iceblast (9/15)
 U - a wand of lightning (9/15)
Scrolls
 b - 6 scrolls of remove curse
 e - 6 scrolls of teleportation
 f - 3 scrolls of magic mapping
 g - a scroll of torment {unknown}
 h - 3 scrolls of fog
 l - 4 scrolls of identify
 y - a scroll of recharging {unknown}
 A - 4 scrolls of immolation
 G - 3 scrolls of amnesia {unknown}
 M - a scroll of brand weapon {unknown}
 N - 3 scrolls of noise {unknown}
 S - a scroll of vulnerability {unknown}
 T - a scroll of fear {unknown}
 W - 3 scrolls of summoning {unknown}
Potions
 d - a potion of might
 n - 2 potions of berserk rage {unknown}
 o - a potion of degeneration {unknown}
 p - 2 potions of resistance {unknown}
 q - 4 potions of heal wounds
 u - 3 potions of flight {unknown}
 v - 2 potions of curing {unknown}
 x - 2 potions of mutation {unknown}
 z - 3 potions of lignification {unknown}
 C - 2 potions of brilliance {unknown}
 K - 4 potions of haste {unknown}
 Z - a potion of agility {unknown}
Comestibles
 k - 16 royal jellies
 m - 4 meat rations
 s - 14 fruits
 t - 6 bread rations
 B - 6 chunks of flesh


   Skills:
 + Level 11.7 Fighting
 + Level 17.2 Axes
 + Level 10.9 Armour
 + Level 5.2 Dodging
 + Level 1.8 Stealth
 + Level 12.7 Shields


You had 12 spell levels left.
You didn't know any spells.

Dungeon Overview and Level Annotations

Branches:
Dungeon (9/15)             Temple (1/1) D:7            Lair (5/6) D:8
  Swamp (0/4) Lair:3       Spider (0/4) Lair:4
  Slime: Lair:5-6       Orc: D:9-12

Altars:
Ashenzari
Cheibriados
Dithmenos
Elyvilon
Fedhas
Gozag
Hepliaklqana
Kikubaaqudgha
Makhleb
Nemelex Xobeh
Okawaru
Qazlal
Ru
Sif Muna
Trog
Uskayaw
Vehumet
Xom
Yredelemnul
Zin
The Shining One

Shops:
D:7 (

Annotations:
Lair:3 exclusion: 3 oklob plants


Innate Abilities, Weirdness & Mutations

You reflexively headbutt those who attack you in melee.
You have a pair of horns on your head.


Message History

q - 6 potions of heal wounds You feel much better.
You are engulfed in blazing flames.
* * * LOW HITPOINT WARNING * * *
You feel much better.
There is an open door here.
There is an open door here.
You open the door.
There is an open door here.
Things that are here:
a mace of flaming; a robe of fire resistance; a human skeleton The air gets thick with the scent of sulphur.
Things that are here:
a mace of flaming; a robe of fire resistance You enter the shallow water.
Moving in this stuff is going to be slow.
In the distance, the volcano erupts with a roar.
You are engulfed in blazing flames.
* * * LOW HITPOINT WARNING * * *
You are engulfed in blazing flames.
You die...

§≈§≈≈§§§§§§§≈≈§§≈≈≈≈≈≈≈§≈§≈≈§§
≈§§§≈§≈≈§§§≈≈≈≈≈§§≈≈≈≈§≈≈≈≈§ §
≈§≈≈#######################§§§
≈§§.#...............#.....#§§§
#≈..'.###'#'#####'#.'.∩.∩.#
##..#..#....[.#.).#.#.....#§≈§
##.##'################+###§§§
###...#§§§§§§§♣♣ §
#####.∩.§§§§§§§§@♣
..'.....#§§§§§§§§§≈≈#
##################### §≈§§≈
#≈§≈§≈§ ###§≈≈


There were no monsters in sight!

Vanquished Creatures
  6 hydras
  The ghost of Shiggy the Protected, a novice MiFi of Okawaru (Lair:2)
  3 death yaks
  4 wizards (Volcano)
  Pikel (D:8)
  6 elephants (Lair:3)
  A toenail golem (Volcano)
  A manticore (Lair:3)
  2 black mambas
  9 spiny frogs
  3 komodo dragons
  A polar bear (Lair:4)
  A queen bee (Lair:3)
  8 blink frogs
  6 hippogriffs
  Sigmund (D:2)
  6 wyverns
  A wraith (D:8)
  A basilisk (Lair:3)
  37 yaks
  A hungry ghost (D:7)
  A steam dragon (Lair:3)
  Menkaure (D:6)
  8 water moccasins
  9 porcupines
  An orc warrior (D:6)
  A necrophage (D:4)
  2 ogres (D:5)
  5 sky beasts
  10 wolves
  A centaur (D:4)
  5 crocodiles
  2 big kobolds
  Blork the orc (D:6)
  8 bullfrogs
  A wyvern zombie (D:6)
  A gnoll sergeant (D:9)
  2 scorpions
  41 killer bees
  A wight (D:8)
  An electric eel (D:6)
  5 crimson imps
  3 hounds
  5 jellies
  3 orc priests
  A bullfrog skeleton (D:6)
  A human skeleton (D:8)
  2 human zombies (D:8)
  8 orc wizards
  3 iguanas
  Terence (D:2)
  4 worker ants
  An ogre zombie (D:8)
  2 hound skeletons
  3 mummies (D:8)
  8 gnolls
  11 adders
  A howler monkey skeleton (D:5)
  2 river rats (D:8)
  2 shadow imps (D:7)
  8 oozes
  4 adder skeletons
  An adder zombie (D:9)
  3 worms
  A dart slug (D:3)
  8 leopard geckos
  27 orcs
  8 bats
  3 bat zombies (D:2)
  8 giant cockroaches
  8 hobgoblins
  19 jackals
  24 kobolds
  9 quokkas
  2 ball pythons
  5 frilled lizards
  5 goblins
  A jackal skeleton (D:6)
  A leopard gecko skeleton (D:4)
  An orc skeleton (D:8)
  2 orc zombies (D:8)
  6 rats
  2 rat zombies (D:2)
  A bush (Lair:3)
  2 fungi
  2 plants (Lair:3)
429 creatures vanquished.

Vanquished Creatures (others)
  2 rats (D:8)
  A bush (Lair:4)
  4 fungi
  2 plants (D:5)
9 creatures vanquished.

Grand Total: 438 creatures vanquished

Notes
Turn   | Place    | Note
-------+----------+-------------------------------------------
     0 | D:1      | Romulous the Minotaur Fighter began the quest for the Orb.
     0 | D:1      | Reached XP level 1. HP: 19/19 MP: 0/0
   403 | D:1      | Reached XP level 2. HP: 27/27 MP: 1/1
   935 | D:2      | Found an ancient bone altar of Kikubaaqudgha.
   998 | D:2      | Reached XP level 3. HP: 33/33 MP: 2/2
  1360 | D:2      | Reached skill level 3 in Axes
  1439 | D:2      | Noticed Sigmund
  1453 | D:2      | Killed Sigmund
  1453 | D:2      | Reached skill level 4 in Axes
  1453 | D:2      | Reached skill level 5 in Shields
  1453 | D:2      | Reached XP level 4. HP: 28/41 MP: 3/3
  1453 | D:2      | Reached XP level 5. HP: 32/47 MP: 4/4
  1592 | D:2      | Noticed Terence
  1604 | D:2      | Killed Terence
  1935 | D:3      | Reached XP level 6. HP: 53/53 MP: 5/5
  1949 | D:3      | Reached skill level 5 in Armour
  2159 | D:3      | Reached skill level 1 in Dodging
  2616 | D:3      | Reached skill level 5 in Axes
  2661 | D:3      | Found a radiant altar of Vehumet.
  3083 | D:4      | Found a shimmering altar of Xom.
  3100 | D:4      | Reached skill level 5 in Fighting
  3170 | D:4      | Reached XP level 7. HP: 50/60 MP: 6/6
  3344 | D:4      | Reached skill level 6 in Axes
  3637 | D:5      | Entered Level 5 of the Dungeon
  3647 | D:5      | Got an ancient chain mail
  3783 | D:4      | Identified the +8 chain mail of Grot {Int+5 Dex-2 Slay+3} (You found it on level 5 of the Dungeon)
  3967 | D:4      | Reached skill level 7 in Axes
  4207 | D:5      | Reached XP level 8. HP: 62/68 MP: 7/7
  4239 | D:5      | Reached skill level 8 in Axes
  4377 | D:5      | Found a sacrificial altar of Ru.
  4629 | D:5      | Found a glowing golden altar of the Shining One.
  4741 | D:6      | Noticed Menkaure
  5074 | D:6      | Killed Menkaure
  5074 | D:6      | Reached skill level 9 in Axes
  5137 | D:6      | Noticed Blork the orc
  5145 | D:6      | Killed Blork the orc
  5626 | D:6      | Found a snail-covered altar of Cheibriados.
  5664 | D:6      | Got a polished cloak
  5675 | D:6      | Identified the cursed +0 cloak of the Gusle {MR+ Stlth+} (You found it on level 6 of the Dungeon)
  6297 | D:6      | Reached XP level 9. HP: 76/77 MP: 8/8
  6507 | D:7      | Found Ecsur's Weapon Boutique.
  6518 | D:7      | Reached skill level 10 in Axes
  6886 | D:7      | Found a staircase to the Ecumenical Temple.
  6900 | Temple   | Entered the Ecumenical Temple
  7646 | D:8      | Found a deep blue altar of Sif Muna.
  7710 | D:8      | Noticed a death yak
  7726 | D:8      | Noticed a death yak
  7726 | D:8      | Noticed a death yak
  7734 | D:8      | Killed a death yak
  7734 | D:8      | Reached skill level 11 in Axes
  7734 | D:8      | Reached skill level 1 in Stealth
  8122 | D:7      | Killed a death yak
  8302 | D:8      | Reached skill level 12 in Axes
  8302 | D:8      | Reached XP level 10. HP: 85/85 MP: 9/9
  8324 | D:8      | Noticed Pikel
  8345 | D:8      | Killed Pikel
  8399 | D:8      | Found an iron altar of Okawaru.
  8407 | D:8      | Became a worshipper of Warmaster Okawaru
  8427 | D:8      | Killed a death yak
  8672 | D:8      | Found a staircase to the Lair.
  8811 | D:8      | Found a burning altar of Makhleb.
  8829 | D:8      | Reached * piety under Okawaru
  8844 | D:8      | Found an ancient bone altar of Kikubaaqudgha.
  8901 | D:8      | Noticed an Executioner
  8905 | D:8      | Noticed a smoke demon
  8905 | D:8      | Noticed an orange demon
  9075 | D:9      | Reached skill level 13 in Axes
  9237 | D:9      | Found a shadowy altar of Dithmenos.
  9388 | D:9      | Found a sparkling altar of Nemelex Xobeh.
  9642 | D:9      | Reached ** piety under Okawaru
  9804 | D:9      | Found a shattered altar of Ashenzari.
  9831 | D:9      | Found a hide-covered altar of Uskayaw.
 10056 | Lair:1   | Entered Level 1 of the Lair of Beasts
 10074 | Lair:1   | Noticed a six-headed hydra
 10566 | Lair:1   | Noticed a black mamba
 10575 | Lair:1   | Killed a black mamba
 10575 | Lair:1   | Reached XP level 11. HP: 96/96 MP: 10/10
 10946 | Lair:1   | Killed a 14-headed hydra
 11353 | Lair:1   | Reached *** piety under Okawaru
 11353 | Lair:1   | Reached skill level 10 in Shields
 11501 | Lair:2   | Noticed Shiggy's ghost (novice MiFi)
 11503 | Lair:2   | Noticed a four-headed hydra
 11553 | Lair:1   | Killed an eight-headed hydra
 11553 | Lair:1   | Reached skill level 14 in Axes
 11823 | Lair:2   | Killed Shiggy's ghost
 11823 | Lair:2   | Reached **** piety under Okawaru
 12038 | Lair:2   | Noticed a four-headed hydra
 12049 | Lair:2   | Killed an 11-headed hydra
 12440 | Lair:2   | Reached ***** piety under Okawaru
 12819 | Lair:3   | Reached skill level 10 in Fighting
 12831 | Lair:3   | Reached skill level 15 in Axes
 12835 | Lair:3   | Reached XP level 12. HP: 105/105 MP: 11/11
 13213 | Lair:3   | Reached skill level 10 in Armour
 13225 | Lair:3   | Received a gift from Okawaru
 13271 | Lair:3   | Reached skill level 5 in Dodging
 13409 | Lair:3   | Found a staircase to the Swamp.
 13561 | Lair:3   | Reached skill level 16 in Axes
 13997 | Lair:3   | Noticed a five-headed hydra
 14003 | Lair:3   | Killed a nine-headed hydra
 14514 | Lair:4   | Noticed a six-headed hydra
 14532 | Lair:4   | Killed a 12-headed hydra
 14532 | Lair:4   | Reached XP level 13. HP: 54/115 MP: 12/12
 14855 | Lair:4   | Found a hole to the Spider Nest.
 15436 | Lair:5   | Found a stormy altar of Qazlal.
 15454 | Lair:5   | Received a gift from Okawaru
 15454 | Lair:5   | Reached skill level 17 in Axes
 15570 | Lair:5   | Found a dark tunnel.
 15578 | Volcano  | Entered a volcano
 15662 | Volcano  | Reached ****** piety under Okawaru
 15693 | Volcano  | Cast into level 2 of the Abyss (a wizard)
 15705 | Abyss:2  | Found a corrupted altar of Lugonu.
 15773 | Volcano  | Escaped the Abyss
 15894 | Volcano  | Engulfed by a cloud of flame

Skill      XL: |  1  2  3  4  5  6  7  8  9 10 11 12 13 |
---------------+----------------------------------------+-----
Armour         | 4 5 6 7 8 9 10 | 10.9
Shields        | 4 5 6 7 8 9 11 12 | 12.7
Axes           | 4 5 7 9 12 13 15 16 17 | 17.2
Fighting       | 4 5 6 7 9 10 11 | 11.7
Dodging        | 1 2 3 4 5 |  5.2
Stealth        | 1 |  1.8

Action                   |  1- 3 |  4- 6 |  7- 9 | 10-12 | 13-15 || total
-------------------------+-------+-------+-------+-------+-------++-------
Melee: War axe           |   134 |   138 |   295 |    49 |       ||   616
       Headbutt          |    14 |    15 |    66 |    99 |    15 ||   209
       Broad axe         |       |       |       |   463 |    78 ||   541
Evoke: Wand              |       |       |     1 |       |       ||     1
  Use: Scroll            |       |       |    10 |     9 |     1 ||    20
       Potion            |       |       |       |     1 |     2 ||     3
  Eat: Chunk             |     1 |     1 |     1 |    24 |     5 ||    32
       Bread ration      |     1 |       |     4 |       |       ||     5
       Royal jelly       |       |     1 |     1 |     1 |       ||     3
Armor: Plate armour      |    94 |    71 |     7 |       |       ||   172
       Scale mail        |    11 |       |       |       |       ||    11
       Chain mail        |       |       |   146 |   245 |    37 ||   428
Dodge: Dodged            |    28 |    29 |    55 |   158 |    33 ||   303
Block: Shield            |    83 |    80 |   150 |   376 |    71 ||   760
